 Dungeon Crawl Stone Soup version 0.31-a0-210-gccc998df9b (webtiles) character file.

Game seed: 1828316809748315416

63 qw the Shooter (level 4, -1/26 HPs)
             Began as a Gargoyle Hexslinger on June 29, 2023.
             Slain by an adder (3 damage)
             ... on level 3 of the Dungeon.
             The game lasted 00:00:41 (1579 turns).

qw the Shooter (Gargoyle Hexslinger)                Turns: 1579, Time: 00:00:42

Health: -1/26      AC:  9    Str: 12    XL:     4   Next: 10%
Magic:  5/5        EV: 10    Int: 13    God:
Gold:   168        SH:  0    Dex: 14    Spells: 4/5 levels left

rFire   . . .        Y - +2 sling
rCold   . . .        (no shield)
rNeg    + . .        e - +0 ring mail
rPois   inf          a - +0 helmet
rElec   +            (no cloak)
rCorr   .            (no gloves)
SInv    .            (no boots)
Will    .....        (no amulet)
Stlth   +            (no ring)
HPRegen 0.24/turn    (no ring)
MPRegen 0.09/turn

%: no passive effects
@: no status effects
A: sickness immunity, AC +3, negative energy resistance 1, electricity
resistance, torment resistance 1, petrification resistance
a: no special abilities


You were on level 3 of the Dungeon.
You visited 1 branch of the dungeon, and saw 3 of its levels.

You collected 168 gold pieces.


Innate Abilities, Weirdness & Mutations

You are immune to sickness and miasma.
Your stone body is resilient. (AC +3)
You are immune to poison.
You resist negative energy. (rN+)
You are resistant to electric shocks. (rElec)
You are resistant to unholy torment.
You are immune to petrification.


   Skills:
 - Level 2.0 Fighting
 + Level 3.7 Ranged Weapons
 - Level 1.0 Armour
 - Level 1.5 Dodging
 - Level 1.0 Spellcasting
 - Level 2.6 Hexes


You had 4 spell levels left.
You knew the following spells:

 Your Spells              Type           Power      Damage    Failure   Level
a - Slow                  Hex            28%        N/A       22%         1

Your spell library contained the following spells:

 Spells                   Type           Power      Damage    Failure   Level
 Inner Flame              Hex/Fire       4%         N/A       73%         3
 Portal Projectile        Hex/Tloc       8%         N/A       73%         3
 Cause Fear               Hex            3%         N/A       91%         4

Inventory:

Hand Weapons
 Y - a +2 sling (weapon)
Armour
 a - a +0 helmet (worn)
 e - a +0 ring mail (worn)
Jewellery
 b - an amulet of guardian spirit
Scrolls
 f - a scroll of identify
Potions
 c - a potion of mutation {unknown}
 d - a potion of heal wounds {unknown}
 i - a potion of brilliance {unknown}
 j - a potion of berserk rage {unknown}
 m - a potion of cancellation {unknown}

Dungeon Overview and Level Annotations

Branches:
Dungeon (3/15)

Altars:

Annotations:
D:3 Terence


Message History

Terence is moderately wounded.
Terence hits you but does no damage.
You shoot a sling bullet. The sling bullet hits Terence.
Terence is heavily wounded.
Terence completely misses you. Terence hits you with a +0 hand axe.
You shoot a sling bullet.
The sling bullet hits Terence but does no damage.
Terence is heavily wounded.
Terence hits you with a +0 hand axe.
You shoot a sling bullet.
The sling bullet hits Terence but does no damage.
Terence is heavily wounded.
Terence hits you with a +0 hand axe. Terence hits you but does no damage.
You shoot a sling bullet. The sling bullet hits Terence.
Terence is heavily wounded.
Terence drinks a potion.
Terence is healed!
You shoot a sling bullet.
The sling bullet hits Terence but does no damage.
Terence is lightly wounded.
Terence hits you with a +0 hand axe!
You shoot a sling bullet.
The sling bullet hits Terence but does no damage.
Terence is lightly wounded.
Terence hits you with a +0 hand axe. Terence closely misses you.
You shoot a sling bullet.
The sling bullet hits Terence but does no damage.
Terence is lightly wounded.
Terence hits you with a +0 hand axe.
You shoot a sling bullet. The adder hisses angrily.
The sling bullet hits Terence.
Terence is moderately wounded.
Terence closely misses you.
You shoot a sling bullet. The sling bullet barely misses Terence.
Terence misses you. Terence barely misses you.
You shoot a sling bullet.
The sling bullet hits Terence but does no damage.
Terence is moderately wounded.
The adder bites you.
You die...

#$#...# ###...#
.. ......# ..
.....## #.
......# #.
..>...# #.
......# #.##
......## #S@##
#...#..# #@.##
######.# ##..#
#.# ##.## #.#
#..# #.## ##.#
#.:# #[## ##.#
#..# ### #.#
##########.###...
#.#
#............#.#


You could see Terence and an adder.

Vanquished Creatures
  An adder (D:3)
  A worm (D:3)
  2 dart slugs
  2 endoplasms
  A giant cockroach (D:2)
  A goblin (D:2)
  4 hobgoblins
  2 jackals (D:2)
  5 quokkas
  8 ball pythons
  6 bats
  3 frilled lizards
  7 kobolds
  2 rats
45 creatures vanquished.

Notes
Turn   | Place    | Note
-------+----------+-------------------------------------------
     0 | D:1      | qw the Gargoyle Hexslinger began the quest for the Orb.
     0 | D:1      | Reached XP level 1. HP: 12/12 MP: 2/2
     0 | D:1      | 0 ||| qw: Version: 0.3-a-24-g62f9e04
     0 | D:1      | 0 ||| qw: Game counter: 6729
     0 | D:1      | 0 ||| qw: Melee chars always use a shield: true
     0 | D:1      | 0 ||| qw: God list: Okawaru
     0 | D:1      | 0 ||| qw: Allow faded altars: false
     0 | D:1      | 0 ||| qw: Do Orc after clearing Dungeon:15 true
     0 | D:1      | 0 ||| qw: Do second Lair branch before Depths: true
     0 | D:1      | 0 ||| qw: Lair rune preference: random
     0 | D:1      | 0 ||| qw: Goals: Normal
     0 | D:1      | 0 ||| PLANNING D:1-11
   199 | D:1      | Reached XP level 2. HP: 16/16 MP: 3/3
   342 | D:1      | Reached skill level 3 in Ranged Weapons
   732 | D:1      | 732 ||| UPGRADING to +0 ring mail.
   742 | D:1      | 742 ||| DROPPING +0 robe.
   743 | D:1      | 743 ||| READING scroll labelled JOUM JEPOUCUTS.
   744 | D:1      | 744 ||| READING scroll labelled JOTZE VI SOIMU.
   745 | D:1      | 745 ||| READING scroll labelled NUTINNA ZEESHU.
   757 | D:1      | 757 ||| READING scroll labelled FEONGUT WONK.
   758 | D:1      | 758 ||| READING scroll labelled SINNAK FUAGU.
   759 | D:1      | 759 ||| READING scroll labelled NEDUZO ZUMIRY.
   760 | D:1      | 760 ||| READING scroll labelled HUBREL PIEHIDGH.
   761 | D:1      | 761 ||| DROPPING scroll of poison.
   790 | D:2      | Found a faded altar of an unknown god.
   818 | D:2      | You fall into a shaft and drop 1 floor!
   867 | D:3      | 867 ||| UPGRADING to +0 helmet.
   907 | D:2      | Reached XP level 3. HP: 21/21 MP: 4/4
  1032 | D:2      | Reached skill level 1 in Armour
  1239 | D:2      | 1239 ||| READING scroll labelled DIMIKLO OVOO.
  1261 | D:3      | 1261 ||| STAIRDANCE
  1367 | D:3      | Reached XP level 4. HP: 26/26 MP: 5/5
  1415 | D:3      | HP: 1/26 [worm (8)]
  1563 | D:3      | Noticed Terence
  1574 | D:3      | HP: 6/26 [Terence/+0 hand axe (7)]
  1576 | D:3      | HP: 1/26 [Terence/+0 hand axe (2)]
  1579 | D:3      | Slain by an adder

Levels and vault maps discovered:
D:1:      ncdulo_lavacross, layout_loops_corners
D:2:      layout_basic, ebering_ecumenical_altar_rust, eino_tiny_chamber
D:3:      layout_rooms, item_on_display_a, uniq_terence

Skill      XL: |  1  2  3 |
---------------+----------+-----
Ranged Weapons | 3 |  3.7
Fighting       | 2 |  2.0
Armour         | 1 |  1.0
Dodging        | |  1.5
Spellcasting   | |  1.0
Hexes          | |  2.6

Action                     |  1- 3 |  4- 6 || total
---------------------------+-------+-------++-------
   Fire: Sling             |   133 |    39 ||   172
    Use: Scroll            |     8 |       ||     8
 Armour: Robe              |     2 |       ||     2
         Ring mail         |    43 |    13 ||    56
  Dodge: Dodged            |    44 |     9 ||    53

Table legend:
 A = Non-vault XP
 B = Vault XP
 C = Vault XP percentage of total XP
 D = Non-vault monster count
 E = Vault monster count
 F = Vault count percentage of total count
                 A         B        C        D         E       F
            +---------+---------+-------+---------+---------+-------
      Total |      91 |       0 |   0.0 |      45 |       0 |   0.0
            +---------+---------+-------+---------+---------+-------
        D:1 |      26 |       0 |   0.0 |      18 |       0 |   0.0
        D:2 |      35 |       0 |   0.0 |      20 |       0 |   0.0
        D:3 |      30 |       0 |   0.0 |       7 |       0 |   0.0
            +---------+---------+-------+---------+---------+-------
